 Dungeon Crawl Stone Soup version 0.30-a0-591-g3c58d2bc28 (webtiles) character file.

Game seed: 3008538848356234832

202 funkygono the Firebug (level 5, 0/35 HPs)
             Began as a Demonspawn Fire Elementalist on Jan 5, 2023.
             Succumbed to a scorpion's poison
             ... on level 4 of the Dungeon.
             The game lasted 00:06:38 (3592 turns).

funkygono the Firebug (DsFE)                        Turns: 3592, Time: 00:06:38

Health: 0/35       AC:  6    Str:  9    XL:     5   Next: 50%
Magic:  3/9        EV: 13    Int: 18    God:
Gold:   721        SH:  0    Dex: 19    Spells: 4/10 levels left

rFire   . . .      SeeInvis .    u - +0 whip
rCold   . . .      Faith    .    (no shield)
rNeg    . . .      Spirit   .    a - +0 robe
rPois   .          Reflect  .    q - +1 helmet
rElec   .          Harm     .    (no cloak)
rCorr   .          Rampage  .    (no gloves)
Will    .....                    (no boots)
Stlth   ++                       (no amulet)
HPRegen 0.25/turn                e - ring of wizardry
MPRegen 0.11/turn                o - +6 ring of dexterity

@: lethally poisoned (0 -> -3)
A: molten scales 1, demonic guardian 1, powered by pain 1
a: no special abilities


You were on level 4 of the Dungeon.
You visited 1 branch of the dungeon, and saw 4 of its levels.

You collected 721 gold pieces.

Inventory:

Hand Weapons
 u - a +0 whip (weapon)
Armour
 a - a +0 robe (worn)
 q - a +1 helmet (worn)
Jewellery
 e - a ring of wizardry (left hand)
 o - a +6 ring of dexterity (right hand)
Scrolls
 c - 2 scrolls of identify
 g - a scroll of teleportation
 i - a scroll of enchant armour
Potions
 d - a potion of invisibility {unknown}
 f - 2 potions of heal wounds
 l - 2 potions of curing {unknown}
 m - a potion of experience {unknown}
 s - a potion of flight {unknown}
 v - a potion of attraction {unknown}


   Skills:
 + Level 0.2 Maces & Flails
 + Level 2.2 Dodging
 - Level 1.7 Stealth
 + Level 3.0 Spellcasting
 + Level 2.6 Conjurations
 + Level 4.2 Fire Magic


You had 4 spell levels left.
You knew the following spells:

 Your Spells              Type           Power      Damage    Failure   Level
a - Foxfire               Conj/Fire      60%        2x1d7     1%          1
b - Scorch                Fire           36%        2d6       1%          2
c - Kindle Blastsparks    Fire/Tloc/Air  14%        2d11      11%         3

Your spell library contained the following spells:

 Spells                   Type           Power      Damage    Failure   Level
 Inner Flame              Hex/Fire       10%        N/A       9%          3
 Flame Wave               Conj/Fire      15%        2d7       16%         4


Dungeon Overview and Level Annotations

Branches:
Dungeon (4/15)             Temple (0/1) D:4

Altars:

Shops:
D:1 =   D:2 *


Innate Abilities, Weirdness & Mutations

You are partially covered in molten scales. (AC +2)
A weak demonic guardian rushes to your aid.
You sometimes gain a little power by taking damage.


Message History

Your quasit closely misses the scorpion.
Your quasit completely misses the scorpion.
The orc hits your quasit but does no damage.
The scorpion closely misses you.
Your quasit bites the orc.
Your quasit claws the orc but does no damage. x2
The orc hits your quasit with a +0 dagger.
You hit the scorpion.
You kill the scorpion!
* * * LOW HITPOINT WARNING * * *
You feel very sick.
Your quasit bites the orc but does no damage.
Your quasit barely misses the orc. x2; The orc misses your quasit.
Your Spellcasting skill increases to level 3!
* * * LOW HITPOINT WARNING * * *
You feel very sick.
Your quasit bites the orc.
Your quasit claws the orc but does no damage. x2
The orc hits your quasit with a +0 dagger.
* * * LOW HITPOINT WARNING * * *
You feel sick.
Your quasit bites the orc but does no damage.
Your quasit claws the orc but does no damage.
Your quasit claws the orc.
Your quasit closely misses the orc.
Your quasit barely misses the orc. x2
The orc hits your quasit but does no damage.
* * * LOW HITPOINT WARNING * * *
You feel sick.
Your quasit closely misses the orc.
Your quasit claws the orc but does no damage. x2
The orc hits your quasit with a +0 dagger.
* * * LOW HITPOINT WARNING * * *
You feel sick.
Your quasit barely misses the orc.
Your quasit completely misses the orc.
Your quasit barely misses the orc.
The orc barely misses your quasit.
* * * LOW HITPOINT WARNING * * *
You feel sick.
Your quasit bites the orc.
Your quasit closely misses the orc.
Your quasit claws the orc but does no damage.
The orc barely misses your quasit.
Your quasit barely misses the orc.
Your quasit claws the orc but does no damage.
Your quasit closely misses the orc.
You die...

.) .### ##.#~#~.. .....#
# #....~..~ #.#..#.#
#......~# #.#..#.#
#....~.. ...##......#
#...~#~.. ......o..#
#.<..~..~
.#.##.#5########...#..~#
# #†##.............~
#@...............
####..............
#####.#....#### #.#....#
#.#....# #.#....#
#.#..<.# #......# ##
####.#####.


You could see an orc (distracted, ally target) and a friendly quasit (summoned).

Vanquished Creatures
  A scorpion (D:4)
  5 adders
  A worm (D:3)
  2 dart slugs (D:2)
  3 orcs
  6 ball pythons
  7 endoplasms
  2 giant cockroaches (D:1)
  11 goblins
  10 hobgoblins
  8 jackals
  11 kobolds
  A quokka (D:1)
  4 bats
  2 frilled lizards (D:1)
  2 rats
76 creatures vanquished.

Vanquished Creatures (others)
  192 foxfires
192 creatures vanquished.

Grand Total: 268 creatures vanquished

Notes
Turn   | Place    | Note
-------+----------+-------------------------------------------
     0 | D:1      | funkygono the Demonspawn Fire Elementalist began the quest
                  | for the Orb.
     0 | D:1      | Reached XP level 1. HP: 13/13 MP: 3/3
   181 | D:1      | Reached skill level 3 in Fire Magic
   197 | D:1      | Gained mutation: You sometimes gain a little power by
                  | taking damage. [demonic ancestry]
   197 | D:1      | Reached XP level 2. HP: 16/19 MP: 0/5
   418 | D:1      | Learned a level 2 spell: Scorch
   776 | D:1      | Gained mutation: You are partially covered in molten
                  | scales. (AC +2) [demonic ancestry]
   776 | D:1      | Reached XP level 3. HP: 24/24 MP: 2/6
   839 | D:1      | Found Kacide Ifey's Jewellery Shoppe.
  1351 | D:2      | HP: 1/24 [poisoned by an adder]
  1690 | D:2      | Reached XP level 4. HP: 30/30 MP: 4/7
  1856 | D:2      | Found Visch's Assorted Antiques.
  3128 | D:3      | Identified a scroll of acquirement
  3128 | D:3      | Acquired 565 gold pieces
  3176 | D:3      | Learned a level 3 spell: Kindle Blastsparks
  3201 | D:4      | Noticed an ogre
  3271 | D:4      | Reached skill level 4 in Fire Magic
  3359 | D:4      | Found a staircase to the Ecumenical Temple.
  3552 | D:4      | Noticed a scorpion
  3577 | D:4      | Gained mutation: A weak demonic guardian rushes to your
                  | aid. [demonic ancestry]
  3577 | D:4      | Reached XP level 5. HP: 29/35 MP: 0/9
  3590 | D:4      | HP: 1/35 [poisoned by a scorpion]
  3592 | D:4      | Succumbed to a scorpion's poison

Illustrated notes

Levels and vault maps discovered:
D:1:      minmay_arrival_widening_spiral_wide, layout_basic, serial_shops,
          nicolae_shop_crystal, chequers_serial_rivers_micro_d
D:2:      layout_loops_ring, serial_shops, nicolae_shop_hallway_plus,
          minivault_4, grunt_decor_cap
D:3:      layout_basic
D:4:      minmay_clustersquares, layout_loops_cross,
          minmay_temple_entry_statues, portal_sewer_entry_c, kennysheep_doodads,
          uniq_ijyb, uniq_menkaure

Skill      XL: |  1  2  3  4  5 |
---------------+----------------+-----
Fire Magic     | 3 4 |  4.2
Conjurations   | 2 |  2.6
Dodging        | 2 |  2.2
Spellcasting   | 3 |  3.0
Maces & Flails | |  0.2
Stealth        | |  1.7

Action                   |  1- 3 |  4- 6 || total
-------------------------+-------+-------++-------
Melee: Club              |    15 |       ||    15
       Whip              |       |    15 ||    15
       Punch             |       |     1 ||     1
 Cast: Foxfire           |    65 |    46 ||   111
       Scorch            |     3 |    14 ||    17
  Use: Scroll            |       |    10 ||    10
       Potion            |       |     2 ||     2
Armor: Robe              |     6 |    18 ||    24
Dodge: Dodged            |    27 |    23 ||    50

Table legend: (Time is in decaauts)
 A = Elapsed time spent in this place.
 B = Non-inter-level travel time spent in this place.
 C = Inter-level travel time spent in this place.
 D = Time resting spent in this place.
 E = Time spent auto-exploring this place.
 F = Levels seen in this place.
 G = Mean time per level.
                   A        B        C        D        E       F      G
               +--------+--------+--------+--------+--------+-----+--------+
         Total |   3595 |   3514 |     81 |     98 |   2652 |   4 |  898.8 |
       Dungeon |   3595 |   3514 |     81 |     98 |   2652 |   4 |  898.8 |
               +--------+--------+--------+--------+--------+-----+--------+

Top non-repeatable levels by time:
     D:2: 1106 daAuts
     D:1: 1085 daAuts
     D:3: 1038 daAuts
     D:4: 364 daAuts
